 Dungeon Crawl Stone Soup version 0.24-a0-252-g5076262 (webtiles) character file.

Game seed: 1645198995450309468

201 Ijustatesigmund the Chopper (level 5, 0/37 HPs)
             Began as an Octopode Fighter on Apr 17, 2019.
             Slain by a gnoll
             ... wielding a +0 club
              (6 damage)
             ... on level 3 of the Dungeon.
             The game lasted 00:04:13 (2570 turns).

Ijustatesigmund the Chopper (Octopode Fighter)      Turns: 2570, Time: 00:04:14

Health: 0/37       AC:  1    Str: 20    XL:     5   Next: 79%
Magic:  5/5        EV: 12    Int: 11    God:
Gold:   100        SH:  9    Dex: 12    Spells: 4/4 levels left

rFire    . . .     SeeInvis .   a - +0 war axe
rCold    . . .     Gourm    .   b - +0 shield
rNeg     . . .     Faith    .   (helmet restricted)
rPois    .         Spirit   .   (no amulet)
rElec    .         Reflect  .   k - +5 ring of strength
rCorr    .         Harm     .   (no ring)
MR       .....                  (no ring)
Stlth    ++........             (no ring)
HPRegen  0.12/turn              (no ring)
MPRegen  0.09/turn              (no ring)
                                (no ring)
                                (no ring)

@: no status effects
A: almost no armour, stealthy swim, amphibious, 8 rings, constrict 8, camouflage
1, gelatinous body 1
a: no special abilities


You were on level 3 of the Dungeon.
You were not hungry.

You visited 1 branch of the dungeon, and saw 3 of its levels.

You collected 100 gold pieces.

Inventory:

Hand Weapons
 a - a +0 war axe (weapon)
Armour
 b - a +0 shield (worn)
Jewellery
 k - a +5 ring of strength (left tentacle)
 m - an uncursed ring of stealth {unknown}
Scrolls
 l - a scroll of immolation {unknown}
 n - a scroll of fog
 o - a scroll of fear {unknown}
Potions
 c - a potion of might
 e - 3 potions of heal wounds
 f - 3 potions of haste
 g - a potion of lignification {unknown}
 h - a potion of degeneration {unknown}
 i - a potion of brilliance {unknown}
 j - a potion of curing {unknown}
Comestibles
 d - 8 rations


   Skills:
 + Level 4.2 Fighting
 + Level 4.6 Axes
 + Level 3.2 Dodging
 + Level 3.2 Shields


You had 4 spell levels left.
You didn't know any spells.
Your spell library was empty.

Dungeon Overview and Level Annotations

Branches:
Dungeon (3/15)

Altars:
Elyvilon


Innate Abilities, Weirdness & Mutations

You cannot wear most types of armour.
You are very stealthy in the water. (Stealth+)
You are amphibious.
You can wear up to eight rings at the same time.
You can use your tentacles to constrict eight enemies at once.
Your skin changes colour to match your surroundings (Stealth+).
Your rubbery body absorbs attacks. (AC +1, EV +1)


Message History

Your squeeze misses the gnoll. You hit the gnoll.
You block the gnoll's attack. x2
You closely miss the gnoll. Your grab misses the gnoll. You squeeze the gnoll.
You kill the gnoll!
You closely miss the gnoll. The gnoll hits you with a +0 club. x2
You are too injured to fight recklessly!
You barely miss the gnoll. You grab the gnoll. You squeeze the gnoll!
You kill the gnoll!
You hit the gnoll. Your grab misses the gnoll.
The gnoll is moderately wounded.
The gnoll misses you. The gnoll hits you with a +0 club.
* * * LOW HITPOINT WARNING * * *
You hit the gnoll but do no damage. Your grab misses the gnoll.
Your squeeze misses the gnoll.
The gnoll is moderately wounded.
The gnoll hits you with a +0 club.
* * * LOW HITPOINT WARNING * * *
You hit the gnoll but do no damage. You grab the gnoll.
The gnoll is moderately wounded.
You constrict the gnoll. The gnoll hits you with a +0 club.
You die...

#.).. #.# ##...
#.# #... #.# #
#..# ###.#.#
.........#
##.#.#.#
.######.##
...#<...#.# #.#
.......)).##.#
#.# ..
#.#@g....# #.#
#.# #.#.######
#.# ....#.#>#
..## #.#.#.#.#
#≈
#.(.....######..
##≈
###............#
##..
###...........
....
######.######.#
###.. #......#
##≈


You could see a gnoll.

Vanquished Creatures
  Robin (D:3)
  10 gnolls
  2 adders
  An ooze (D:2)
  A dart slug (D:1)
  A leopard gecko (D:1)
  8 bats
  6 giant cockroaches
  14 goblins
  8 hobgoblins
  4 jackals (D:1)
  A quokka (D:2)
  2 ball pythons (D:2)
  2 frilled lizards
  3 kobolds
  7 rats
71 creatures vanquished.

Vanquished Creatures (others)
  A quokka (D:3)
1 creature vanquished.

Grand Total: 72 creatures vanquished

Notes
Turn   | Place    | Note
-------+----------+-------------------------------------------
     0 | D:1      | Ijustatesigmund the Octopode Fighter began the quest for
                  | the Orb.
     0 | D:1      | Reached XP level 1. HP: 16/16 MP: 1/1
    43 | D:1      | Reached XP level 2. HP: 12/21 MP: 2/2
   603 | D:1      | Reached XP level 3. HP: 26/26 MP: 3/3
  1392 | D:2      | Reached XP level 4. HP: 32/32 MP: 4/4
  1686 | D:2      | Reached XP level 5. HP: 20/37 MP: 5/5
  1915 | D:2      | Found a faded altar of an unknown god.
  2036 | D:3      | Found a white marble altar of Elyvilon.
  2108 | D:3      | Noticed Robin
  2117 | D:3      | Killed Robin
  2570 | D:3      | Slain by a gnoll

Levels and vault maps discovered:
D:1:      dpeg_arrival_windows_large_door, layout_loops_ring
D:2:      layout_rooms, chequers_ecumenical_altar_island, kennysheep_cross_room
D:3:      layout_loops_ring, elyvilon_altar_4, first_ration, uniq_robin

Skill      XL: |  1  2  3  4  5 |
---------------+----------------+-----
Axes           | 3 4 |  4.6
Fighting       | 4 |  4.2
Dodging        | |  3.2
Shields        | |  3.2

Action                   |  1- 3 |  4- 6 || total
-------------------------+-------+-------++-------
Melee: War axe           |    59 |    67 ||   126
       Constrict         |    16 |    22 ||    38
       Tentacles         |    10 |    14 ||    24
  Use: Scroll            |     4 |       ||     4
       Potion            |       |     1 ||     1
 Stab: Sleeping          |     7 |     5 ||    12
  Eat: Chunk             |     1 |     4 ||     5
Armor: Skin              |     7 |     6 ||    13
Dodge: Dodged            |    16 |    22 ||    38
Block: Shield            |    20 |    30 ||    50

Table legend:
 A = Non-vault XP
 B = Vault XP
 C = Vault XP percentage of total XP
 D = Non-vault monster count
 E = Vault monster count
 F = Vault count percentage of total count
                 A         B        C        D         E       F
            +---------+---------+-------+---------+---------+-------
      Total |     259 |      29 |  10.1 |      63 |       8 |  11.3
            +---------+---------+-------+---------+---------+-------
        D:1 |      46 |       0 |   0.0 |      26 |       0 |   0.0
        D:2 |     144 |       2 |   1.4 |      24 |       1 |   4.0
        D:3 |      69 |      27 |  28.1 |      13 |       7 |  35.0
            +---------+---------+-------+---------+---------+-------
